 Dungeon Crawl Stone Soup version 0.28.0-47-ge53b351184 (webtiles) character file.

Game seed: 18222754909816494182

1682 RatsInWalls the Grappler (level 8, -16/81 HPs)
             Began as a Troll Monk on May 10, 2022.
             Was a Priest of Zin.
             Killed from afar by a gargoyle (22 damage)
             ... with a stone arrow
             ... on level 6 of the Dungeon.
             The game lasted 00:08:07 (4602 turns).

RatsInWalls the Grappler (Troll Monk)               Turns: 4602, Time: 00:08:07

Health: -16/81     AC:  8    Str: 22    XL:     8   Next: 71%
Magic:  9/9        EV: 10    Int:  6    God:    Zin [***...]
Gold:   197        SH:  0    Dex: 12    Spells: 7/7 levels left

rFire   . . .      SeeInvis .     - Unarmed
rCold   . . .      Faith    .   (no shield)
rNeg    . . .      Spirit   .   a - +0 robe
rPois   .          Reflect  .   (helmet restricted)
rElec   .          Harm     .   (no cloak)
rCorr   .          Rampage  .   (gloves unavailable)
Will    .....                   (boots unavailable)
Stlth   ++........              (no amulet)
HPRegen 1.03/turn               l - +4 ring of protection
MPRegen 0.11/turn               (no ring)

@: hasted, very quick
A: large, unfitting armour, claws 3, regeneration 1, shaggy fur 1, tough skin 1
a: Renounce Religion, Recite, Vitalisation, Imprison, Donate Gold


You were on level 6 of the Dungeon.
You worshipped Zin.
Zin was most pleased with you.
You visited 2 branches of the dungeon, and saw 7 of its levels.

You collected 218 gold pieces.
You donated 21 gold pieces to Zin.

Inventory:

Missiles
 h - 159 stones (quivered)
 j - 7 poisoned darts
Armour
 a - a +0 robe (worn)
Jewellery
 l - a +4 ring of protection (left claw)
Scrolls
 d - 3 scrolls of teleportation
 k - a scroll of immolation
 n - a scroll of magic mapping
Potions
 c - 2 potions of haste
 e - a potion of resistance {unknown}
 f - 3 potions of lignification {unknown}
 g - a potion of berserk rage {unknown}
 i - 2 potions of brilliance {unknown}
 o - a potion of magic {unknown}
 p - 2 potions of flight {unknown}
 q - a potion of mutation {unknown}


   Skills:
 + Level 5.4 Fighting
 - Level 2.6 Dodging
 - Level 1.0 Stealth
 * Level 8.9 Unarmed Combat
 + Level 3.5 Invocations


You had 7 spell levels left.
You didn't know any spells.
Your spell library contained the following spells:

 Spells                   Type           Power      Damage    Failure   Level
 Animate Skeleton         Necr           0%         N/A       45%         1
 Pain                     Necr           0%         1d4       45%         1
 Summon Small Mammal      Summ           0%         N/A       45%         1
 Blink                    Tloc           0%         N/A       58%         2
 Ensorcelled Hibernation  Hex/Ice        0%         N/A       58%         2
 Passwall                 Tmut/Erth      0%         N/A       58%         2
 Call Canine Familiar     Summ           0%         N/A       83%         3
 Summon Guardian Golem    Hex/Summ       0%         N/A       83%         3
 Swiftness                Air            0%         N/A       83%         3
 Vampiric Draining        Necr           0%         2d6       83%         3
 Manifold Assault         Tloc           0%         N/A       100%        5
 Storm Form               Tmut/Air       0%         N/A       100%        7


Dungeon Overview and Level Annotations

Branches:
Dungeon (6/15)             Temple (1/1) D:5

Altars:
Cheibriados
Fedhas
Gozag
Kikubaaqudgha
Makhleb
Nemelex Xobeh
Okawaru
Qazlal
Ru
Sif Muna
Trog
Uskayaw
Vehumet
Wu Jian
Xom
Yredelemnul
Zin
The Shining One

Annotations:
D:6 3 runed translucent doors, Menkaure; Rudyous's ghost, novice DjFi


Innate Abilities, Weirdness & Mutations

You are too large for most types of armour.
You have claws for hands.
Your natural rate of healing is unusually fast.
You are covered in fur. (AC +1)
You have tough skin. (AC +1)


Message History

You throw a stone.
Unknown command.
h - 159 stones (gained 1)
There are no items here.
You start waiting.
A gargoyle is nearby!
The gargoyle misses you.
You scratch the gargoyle but do no damage.
The gargoyle hits you with a +0 morningstar!
You barely miss the gargoyle.
The gargoyle hits you with a +0 morningstar!
You feel better.
The gargoyle hits you with a +0 morningstar!!
You feel yourself speed up.
The gargoyle hits you with a +0 morningstar!
You scratch the gargoyle but do no damage.
You completely miss the gargoyle.
The gargoyle hurls a stone arrow at you.
The stone arrow hits you.
You barely miss the gargoyle.
You scratch the gargoyle but do no damage.
The gargoyle hurls a stone arrow at you.
The stone arrow hits you!
* * * LOW HITPOINT WARNING * * *
You feel better.
The gargoyle hits you with a +0 morningstar!!
* * * LOW HITPOINT WARNING * * *
Aiming: Imprison (28% risk of failure)
Press: ? - help, Dir - move target, f - gargoyle
Aim: a gargoyle, wielding a +0 morningstar You need more space to imprison the gargoyle.
Okay, then.
Aiming: Imprison (28% risk of failure)
Press: ? - help, Dir - move target, f/p - gargoyle
Aim: a gargoyle, wielding a +0 morningstar You fail to use your ability.
Okay, then.
The gargoyle hurls a stone arrow at you.
The stone arrow hits you!!
You die...

##........# #..........#
#..........#
#..........# ###########
#..........# #..<......#
#..........###.........#
.......................#
#M.........###9........#
#..........# #..@......#
#..........# ####.######
#........)<# #.#
#.>......)9# ##.#
##.......).# ##..#
##.....)#..###..##
######.##...#.## #..
##.#.# ##.# #...#


You could see a gargoyle.

Vanquished Creatures
  Pikel (D:6)
  A troll (D:6)
  A black bear (D:5)
  2 ogres
  2 scorpions
  A wyvern skeleton (D:5)
  A water moccasin skeleton (D:6)
  A howler monkey (D:4)
  A centaur zombie (D:3)
  A bullfrog zombie (D:5)
  2 hounds
  4 orc priests
  A bullfrog skeleton (D:4)
  An iguana (D:6)
  An orc wizard (D:5)
  A hound skeleton (D:4)
  Robin (D:4)
  7 adders
  A shadow imp (D:5)
  A white imp (D:6)
  2 ufetubi
  A worm (D:2)
  5 dart slugs
  18 orcs
  9 bats
  6 endoplasms
  4 giant cockroaches
  12 goblins
  10 hobgoblins
  6 jackals
  3 quokkas
  3 ball pythons
  2 frilled lizards
  11 kobolds
  7 rats
131 creatures vanquished.

Notes
Turn   | Place    | Note
-------+----------+-------------------------------------------
     0 | D:1      | RatsInWalls the Troll Monk began the quest for the Orb.
     0 | D:1      | Reached XP level 1. HP: 22/22 MP: 0/0
   215 | D:1      | Reached XP level 2. HP: 29/29 MP: 1/1
   508 | D:1      | Found a faded altar of an unknown god.
   755 | D:2      | Identified the +2 leather armour "Waweuth" {rElec rPois
                  | Will+ Int-5}
   795 | D:2      | Reached XP level 3. HP: 36/36 MP: 2/2
   848 | D:2      | Reached skill level 4 in Unarmed Combat
  1257 | D:2      | Reached XP level 4. HP: 40/45 MP: 3/3
  1786 | D:3      | Identified the +1 long sword "Rihuro" {speed, rF+++ Will++
                  | Str-5 Dex-5}
  1988 | D:3      | Noticed a scorpion
  1996 | D:3      | Killed a scorpion
  1997 | D:3      | Reached skill level 5 in Unarmed Combat
  1997 | D:3      | Reached XP level 5. HP: 48/53 MP: 4/4
  2273 | D:4      | Noticed Robin
  2295 | D:4      | Killed Robin
  2443 | D:4      | Reached XP level 6. HP: 62/62 MP: 5/5
  2446 | D:4      | Reached skill level 6 in Unarmed Combat
  2965 | D:5      | Entered Level 5 of the Dungeon
  3161 | D:5      | Found a staircase to the Ecumenical Temple.
  3173 | Temple   | Entered the Ecumenical Temple
  3184 | Temple   | Became a worshipper of Zin the Law-Giver
  3184 | Temple   | Reached * piety under Zin
  3184 | Temple   | Reached ** piety under Zin
  3261 | D:5      | Found a stormy altar of Qazlal.
  3266 | D:5      | Found a sacrificial altar of Ru.
  3294 | D:5      | Reached XP level 7. HP: 46/70 MP: 6/6
  3463 | D:5      | Reached skill level 7 in Unarmed Combat
  3463 | D:5      | Reached skill level 1 in Invocations
  3823 | D:5      | Found a shimmering blue altar of Sif Muna.
  3828 | D:5      | Reached *** piety under Zin
  3831 | D:5      | Found an ornate altar of the Wu Jian Council.
  3859 | D:5      | Found a sparkling altar of Nemelex Xobeh.
  3861 | D:5      | Found a glowing golden altar of the Shining One.
  3868 | D:5      | Found an ancient bone altar of Kikubaaqudgha.
  3983 | D:6      | Noticed Menkaure
  4086 | D:6      | Noticed a gargoyle
  4100 | D:6      | Found a blossoming altar of Fedhas.
  4164 | D:6      | Noticed Pikel
  4198 | D:6      | Killed Pikel
  4199 | D:6      | Reached skill level 5 in Fighting
  4199 | D:6      | Reached skill level 8 in Unarmed Combat
  4199 | D:6      | Reached XP level 8. HP: 68/80 MP: 7/9
  4294 | D:6      | Noticed a troll
  4327 | D:6      | Killed a troll
  4487 | D:6      | Found a runed translucent gate.
  4515 | D:6      | Found a runed translucent gate.
  4515 | D:6      | Noticed Rudyous's ghost (novice DjFi)
  4518 | D:6      | Found a runed translucent gate.
  4599 | D:6      | HP: 4/81 [gargoyle/+0 morningstar (22)]
  4602 | D:6      | Killed from afar by a gargoyle

Illustrated notes

Levels and vault maps discovered:
D:1:      kennysheep_arrival_seaside, layout_basic,
          hellmonk_ecumenical_altar_inner_sanctum
D:2:      layout_basic, minmay_pentomino_t4
D:3:      minmay_chambers_of_twos, layout_basic
D:4:      layout_basic, kennysheep_windowed_goal, uniq_robin
D:5:      layout_basic, mainiacjoe_overflow_boulevard,
          nicolae_overflow_hallway_of_the_gods, minmay_temple_entry_large_hall
D:6:      layout_rooms, fedhas_altar_fruit_tree, gammafunk_ghost_nasty_kobolds,
          uniq_menkaure, uniq_pikel
Temple:   nicolae_temple_x_marks_the_god

Skill      XL: |  1  2  3  4  5  6  7  8 |
---------------+-------------------------+-----
Unarmed Combat | 4 5 6 8 |  8.9
Fighting       | 3 4 5 |  5.4
Invocations    | 2 3 |  3.5
Dodging        | |  2.6
Stealth        | |  1.0

Action                   |  1- 3 |  4- 6 |  7- 9 || total
-------------------------+-------+-------+-------++-------
Melee: Unarmed           |    88 |   161 |   122 ||   371
       Punch             |       |     3 |     4 ||     7
Throw: Stone             |       |       |     2 ||     2
Invok: Recite            |       |       |     1 ||     1
  Use: Scroll            |       |     5 |     2 ||     7
       Potion            |       |       |     4 ||     4
 Stab: Sleeping          |     3 |     4 |     1 ||     8
Armor: Robe              |    35 |    76 |    54 ||   165
Dodge: Dodged            |    60 |    90 |    70 ||   220
